 Dungeon Crawl Stone Soup version 0.30-a0-965-g42e074c17a (webtiles) character file.

Game seed: 5581475265322327716

79 Axe the Trooper (level 4, -2/24 HPs)
             Began as a Vine Stalker Fighter on Mar 31, 2023.
             Slain by an orc
             ... wielding a +0 flail
              (7 damage)
             ... on level 2 of the Dungeon.
             The game lasted 00:01:51 (1580 turns).

Axe the Trooper (Vine Stalker Fighter)              Turns: 1580, Time: 00:01:52

Health: -2/24      AC:  8    Str: 20    XL:     4   Next: 37%
Magic:  0/5        EV:  9    Int:  8    God:
Gold:   197        SH:  5    Dex: 14    Spells: 3/3 levels left

rFire   . . .      SeeInvis .      - Unarmed
rCold   . . .      Faith    .    b - +0 buckler
rNeg    . . .      Spirit   +    a - +0 scale mail
rPois   .          Reflect  .    (no helmet)
rElec   .          Rampage  .    (no cloak)
rCorr   +                        g - +1 pair of gloves
Will    .....                    (no boots)
Stlth   +                        k - amulet of the acrobat
HPRegen 1.04/turn                d - ring of resist corrosion
MPRegen 0.09/turn                (no ring)

@: mighty
A: fangs 2, regeneration 1, magic shield, antimagic bite, no potion heal 2
a: no special abilities


You were on level 2 of the Dungeon.
You visited 1 branch of the dungeon, and saw 3 of its levels.

You collected 197 gold pieces.

Inventory:

Armour
 a - a +0 scale mail (worn)
 b - a +0 buckler (worn)
 g - a +1 pair of gloves (worn)
Jewellery
 d - a ring of resist corrosion (left hand)
 k - an amulet of the acrobat (around neck)
 o - a ring of fire
Wands
 n - a wand of iceblast (11)
Scrolls
 h - 3 scrolls of enchant weapon
 i - a scroll of magic mapping {unknown}
 j - 2 scrolls of teleportation {unknown}
 m - a scroll of blinking {unknown}
Potions
 e - a potion of degeneration {unknown}
 f - a potion of ambrosia {unknown}
 l - a potion of lignification {unknown}


   Skills:
 + Level 3.1 Fighting
 - Level 2.4 Armour
 * Level 3.1 Stealth
 + Level 3.1 Shields
 + Level 2.6 Unarmed Combat


You had 3 spell levels left.
You didn't know any spells.
Your spell library contained the following spells:

 Spells                   Type           Power      Damage    Failure   Level
 Blade Hands              Tmut           0%         N/A       100%        5
 Irradiate                Conj/Tmut      0%         3d11      100%        5
 Dragon Form              Tmut           0%         N/A       100%        7


Dungeon Overview and Level Annotations

Branches:
Dungeon (3/15)

Altars:


Innate Abilities, Weirdness & Mutations

You have extremely sharp teeth.
Your natural rate of healing is unusually fast.
When hurt, damage is shared between your health and your magic reserves.
Your bite disrupts and absorbs the magic of your enemies.
Potions cannot restore your health.


Message History

You closely miss the orc.
The orc is severely wounded.
The orc hits you but does no damage. The orc barely misses you. x2
You hit the orc but do no damage. You bite the orc, but do no damage.
The orc is severely wounded.
You hit the orc but do no damage.
The orc is severely wounded.
The orc closely misses you. The orc hits you with a +0 club.
You block the orc's attack.
You closely miss the orc. Your bite misses the orc.
The orc is severely wounded.
The orc hits you with a +0 flail. The orc barely misses you.
The orc hits you but does no damage. You block the orc's attack.
You hit the orc but do no damage.
The orc is severely wounded.
The orc barely misses you. You block the orc's attack.
The orc hits you but does no damage. x2
You hit the orc but do no damage. You bite the orc. You drain its power.
You feel invigorated.
The orc is almost dead.
You hit the orc but do no damage.
The orc is almost dead.
The orc hits you with a +0 flail. x2; The orc barely misses you.
The orc hits you with a +0 short sword. The orc closely misses you.
The orc hits you with a +0 flail.
* * * LOW HITPOINT WARNING * * *
The orc barely misses you. The orc completely misses you.
You climb upwards.
There is a stone staircase leading down here.
As you read the scroll labelled NUPTUX PIBY, it crumbles to dust.
It is a scroll of enchant weapon.
You aren't carrying any weapons that can be enchanted.
The orc hits you with a +0 flail.
* * * LOW HITPOINT WARNING * * *
You block the orc's attack. The orc hits you but does no damage.
The orc hits you with a +0 club.
* * * LOW HITPOINT WARNING * * *
You feel very mighty all of a sudden. The orc hits you with a +0 flail!
You die...

####.###.................#.#
#.#
#.###..###.#####......#.#
#.# #......# #.# #....[##.#
#.# #####..# #.# #....###.#
#.# ########..# #.#
#..>####.# #.# ..........#
#.#####........###.#
#########.#
#.......##.........#
#.#######o##############
#......o@o# #####..#o##
##########..#.#
#...........#.#
#.######...##.###### #.#
###.##......# ####.#
#.#######.# .....# #.# #.#
###### #.# #.#


You could see 4 orcs.

Vanquished Creatures
  2 adders
  A worm (D:2)
  2 dart slugs (D:1)
  3 orcs
  A ball python (D:2)
  4 endoplasms
  5 giant cockroaches
  5 goblins
  3 hobgoblins
  4 jackals (D:2)
  7 bats (D:2)
  6 kobolds
  2 rats
45 creatures vanquished.

Notes
Turn   | Place    | Note
-------+----------+-------------------------------------------
     0 | D:1      | Axe the Vine Stalker Fighter began the quest for the Orb.
     0 | D:1      | Reached XP level 1. HP: 11/11 MP: 2/2
    80 | D:1      | Reached skill level 1 in Stealth
   120 | D:1      | Reached XP level 2. HP: 16/16 MP: 3/3
   628 | D:2      | Found a faded altar of an unknown god.
   655 | D:1      | Reached XP level 3. HP: 19/19 MP: 4/4
  1023 | D:2      | Gained mutation: Your natural rate of healing is unusually
                  | fast. [Vine Stalker growth]
  1023 | D:2      | Reached XP level 4. HP: 22/24 MP: 5/5
  1580 | D:2      | Slain by an orc

Illustrated notes

Levels and vault maps discovered:
D:1:      nicolae_arrival_memento_mori, layout_loops_ring, minivault_27
D:2:      layout_loops_ring, nicolae_ecumenical_pavilion
D:3:      layout_loops_ring, uniq_robin, uniq_crazy_yiuf_cottage

Skill      XL: |  1  2  3  4 |
---------------+-------------+-----
Stealth        | 1 2 3 |  3.1
Fighting       | 3 |  3.1
Shields        | 3 |  3.1
Armour         | |  2.4
Unarmed Combat | |  2.6

Action                     |  1- 3 |  4- 6 || total
---------------------------+-------+-------++-------
  Melee: Unarmed           |    95 |    52 ||   147
         Bite              |    28 |    19 ||    47
    Use: Scroll            |       |     1 ||     1
         Potion            |       |     1 ||     1
 Armour: Scale mail        |    41 |    19 ||    60
  Dodge: Dodged            |    33 |    26 ||    59
  Block: Buckler           |    16 |    15 ||    31

Table legend: (Time is in decaauts)
 A = Elapsed time spent in this place.
 B = Non-inter-level travel time spent in this place.
 C = Inter-level travel time spent in this place.
 D = Time resting spent in this place.
 E = Time spent auto-exploring this place.
 F = Levels seen in this place.
 G = Mean time per level.
                   A        B        C        D        E       F      G
               +--------+--------+--------+--------+--------+-----+--------+
         Total |   1580 |   1526 |     54 |    102 |   1132 |   3 |  526.7 |
       Dungeon |   1580 |   1526 |     54 |    102 |   1132 |   3 |  526.7 |
               +--------+--------+--------+--------+--------+-----+--------+

Top non-repeatable levels by time:
     D:1: 738 daAuts
     D:2: 696 daAuts
     D:3: 145 daAuts
